Blue Jackets vs Predators
Created - February 14, 2019 at 19:23
Goals
|
| Blue Jackets |
1 |
2 |
1 |
4 |
| Predators |
0 |
1 |
0 |
1 |
|
Shots
|
| Blue Jackets |
5 |
5 |
6 |
16 |
| Predators |
9 |
7 |
5 |
21 |
|
1st period
1. Blue Jackets , Andreas Nodl 8 (Mike Comrie 11, Marcus Nilson 11) at 3:28
Penalties :
Martin Havlat (Clb) for Holding (Minor) at 3:39, Ryan Mcdonagh (Nas) for Tripping (Minor) at 7:40, Byron Bitz (Nas) for Holding (Minor) at 13:23
2nd period
2. Blue Jackets , Peter Mueller 14 (Rostislav Olesz 9, Martin Havlat 49) at 8:29
3. Blue Jackets , Mike Comrie 12 (Max Pacioretty 12) at 11:49 (SH)
4. Predators , Brendan Gallagher 14 (Alexander Edler 31, Alexander Steen 8) at 19:56
Penalties :
A.J Thelen (Clb) for Hooking (Minor) at 0:49, Mike York (Clb) for Hooking (Minor) at 6:19, Mike York (Clb) for Hooking (Minor) at 9:55, Kevin Porter (Clb) for Holding (Minor) at 14:59
3rd period
5. Blue Jackets , Martin Havlat 24 (Pavel Datsyuk 45, Dennis Wideman 21) at 11:43 (PP)
Penalties :
Adam Burish (Nas) for Tripping (Minor) at 2:55, Adam Burish (Nas) for Holding (Minor) at 5:17, Niclas Bergfors (Nas) for Tripping (Minor) at 11:25
Goalie Stats
Rick DiPietro (Clb), 20 saves from 21 shots - (0.952), W, 24-18-6, 60:00 minutes
Chad Johnson (Nas), 12 saves from 16 shots - (0.750), L, 0-5-0, 60:00 minutes
Players Stats for Blue Jackets
Player Name G A P +/- PIM S H SB GA TA FO MP PP MP PK MP
------------------------------------------------------------------------------------
A.J Thelen 0 0 0 2 2 0 1 0 0 0 0/0 20:48 3:27 3:25
Andreas Nodl 1 0 1 1 0 4 1 0 1 1 0/1 16:52 4:09 0:00
Branislav Mezei 0 0 0 2 0 0 3 0 0 0 0/0 21:23 3:27 4:21
Dennis Wideman 0 1 1 -1 0 1 4 4 0 1 0/0 27:50 4:47 5:39
Kevin Porter 0 0 0 0 2 0 1 0 0 0 1/2 6:15 0:00 0:13
Marcus Nilson 0 1 1 1 0 0 1 0 0 0 0/0 19:12 4:09 2:09
Martin Havlat 1 1 2 -1 2 3 2 0 1 0 1/2 20:42 4:03 4:00
Max Pacioretty 0 1 1 0 0 0 1 1 0 0 3/6 19:33 4:03 3:06
Mike Comrie 1 1 2 2 0 2 5 0 0 0 11/20 20:08 4:09 3:06
Mike Lundin 0 0 0 -1 0 0 1 3 1 1 0/0 27:56 4:47 5:34
Mike York 0 0 0 0 4 0 0 0 0 0 0/0 6:17 0:00 0:00
Patrick O'Sullivan 0 0 0 0 0 0 0 0 0 0 0/1 2:36 0:27 0:00
Pavel Datsyuk 0 1 1 -1 0 3 3 0 2 1 9/26 25:55 3:38 5:01
Peter Mueller 1 0 1 1 0 1 3 0 0 0 0/2 9:54 0:02 0:00
Rostislav Olesz 0 1 1 1 0 1 3 0 0 0 0/0 12:10 0:00 2:15
Ryan Wilson 0 0 0 1 0 0 2 0 0 0 0/0 10:52 0:00 0:00
Timothy Kunes 0 0 0 1 0 0 1 1 0 0 0/0 11:43 0:00 0:51
Tyler Kennedy 0 0 0 1 0 1 1 1 1 1 0/0 9:54 0:02 0:00
Players Stats for Predators
Player Name G A P +/- PIM S H SB GA TA FO MP PP MP PK MP
------------------------------------------------------------------------------------
Adam Burish 0 0 0 -1 4 1 0 0 0 0 0/0 9:47 0:00 1:04
Alexander Edler 0 1 1 1 0 4 2 1 0 1 0/0 29:04 5:18 4:40
Alexander Ovechkin 0 0 0 0 0 1 2 0 1 1 0/1 21:53 5:05 2:57
Alexander Steen 0 1 1 0 0 0 1 0 1 0 0/0 13:54 4:50 0:44
Andy Miele 0 0 0 1 0 0 0 0 0 0 3/7 13:02 0:00 4:38
Anton Gustafsson 0 0 0 -1 0 0 0 0 0 0 3/7 8:32 0:00 0:00
Brendan Gallagher 1 0 1 0 0 1 1 0 0 0 0/0 13:35 4:50 0:00
Byron Bitz 0 0 0 -1 2 4 2 0 1 0 0/1 14:25 0:00 3:32
Dmitri Kalinin 0 0 0 0 0 0 1 0 0 2 0/0 12:32 0:00 0:28
James Van Riemsdyk 0 0 0 -1 0 0 0 0 1 0 0/0 10:53 0:00 0:00
John Moore 0 0 0 -2 0 0 1 0 0 0 0/0 20:23 4:37 4:10
Justin Abdelkader 0 0 0 -1 0 2 1 0 0 0 0/0 8:17 0:00 0:00
Michal Rozsival 0 0 0 -1 0 0 2 1 0 1 0/0 14:44 0:00 3:34
Mikael Granlund 0 0 0 -2 0 0 1 0 0 1 6/15 16:30 4:50 1:04
Niclas Bergfors 0 0 0 0 2 3 0 0 0 0 4/5 19:00 5:05 0:00
Ryan Kesler 0 0 0 0 0 4 0 0 1 0 19/24 21:53 5:05 2:29
Ryan Mcdonagh 0 0 0 1 2 1 3 1 0 0 0/0 27:54 5:18 3:36
Ryan Murray 0 0 0 -3 0 0 0 0 0 0 0/0 15:23 4:37 0:00
3 Stars
1 - Mike Comrie (Clb)
2 - Peter Mueller (Clb)
3 - Andreas Nodl (Clb)
Power Play
Blue Jackets - 1 on 5 Attempt(s) - 20.00%
Predators - 0 on 5 Attempt(s) - 0.00%
Penalty Kill
Blue Jackets - 5 on 5 Attempt(s) - 100.00%
- Score 1 goal in Penalty Kill
Predators - 4 on 5 Attempt(s) - 80.00%
- Score 0 goal in Penalty Kill
Team Stat
Blue Jackets - Hits : 33 - Faceoff Wins : 25 - Blocked Shots : 10 - Penalty Minutes : 10
Predators - Hits : 17 - Faceoff Wins : 35 - Blocked Shots : 3 - Penalty Minutes : 10
Official
Referees : Unknown
Linesman : Unknown
Game Notes
No Game Note
Finance
Level 1 -- Attendance: 5408 (90.13%) -- Ticket Income $475,904
Level 2 -- Attendance: 4803 (96.06%) -- Ticket Income $259,362
Level 3 -- Attendance: 2000 (100.00%) -- Ticket Income $68,000
Level 4 -- Attendance: 3937 (98.43%) -- Ticket Income $102,362
Luxury Box -- Attendance: 746 (74.60%) -- Ticket Income $126,820
Game was played at the Wildcat center.
Total Attendance: 16894 (93.86%)
Total Ticket Income: $1,032,448
Other Income: $154,867
Total Income: $1,187,315
Blue Jackets
5 vs 5 Forward
Center Left Wing Right Wing Time % Phy DF OF
1 Pavel Datsyuk Max Pacioretty Martin Havlat 40 1 2 2
2 Mike Comrie Marcus Nilson Andreas Nodl 30 1 2 2
3 Peter Mueller Rostislav Olesz Tyler Kennedy 20 1 2 2
4 Kevin Porter Mike York Pavel Datsyuk 10 1 2 2
5 vs 5 Defense
Defense Defense Time % Phy DF OF
1 Mike Lundin Dennis Wideman 40 1 2 2
2 Branislav Mezei A.J Thelen 30 1 2 2
3 Ryan Wilson Timothy Kunes 20 1 2 2
4 Mike Lundin Dennis Wideman 10 1 2 2
PowerPlay Forward
Center Left Wing Right Wing Time % Phy DF OF
1 Pavel Datsyuk Max Pacioretty Martin Havlat 60 1 2 2
2 Mike Comrie Marcus Nilson Andreas Nodl 40 1 2 2
PowerPlay Defense
Defense Defense Time % Phy DF OF
1 Mike Lundin Dennis Wideman 60 1 2 2
2 Branislav Mezei A.J Thelen 40 1 2 2
Penalty Kill 4 Players Forward
Center Wing Time % Phy DF OF
1 Pavel Datsyuk Martin Havlat 60 1 2 2
2 Max Pacioretty Mike Comrie 40 1 2 2
Penalty Kill 4 Players Defense
Defense Defense Time % Phy DF OF
1 Mike Lundin Dennis Wideman 60 1 2 2
2 Branislav Mezei A.J Thelen 40 1 2 2
Penalty Kill - 3 Players Forward
Forward Time % Phy DF OF
1 Pavel Datsyuk 60 1 2 2
2 Martin Havlat 40 1 2 2
Penalty Kill - 3 Players Defense
Defense Defense Time % Phy DF OF
1 Mike Lundin Dennis Wideman 60 1 2 2
2 Branislav Mezei A.J Thelen 40 1 2 2
4 vs 4 Forward
Center Wing Time % Phy DF OF
1 Pavel Datsyuk Martin Havlat 60 1 2 2
2 Max Pacioretty Mike Comrie 40 1 2 2
4 vs 4 Defense
Defense Defense Time % Phy DF OF
1 Mike Lundin Dennis Wideman 60 1 2 2
2 Branislav Mezei A.J Thelen 40 1 2 2
Last Minutes Offensive
Center Left Wing Right Wing Defense Defense
Pavel Datsyuk Max Pacioretty Martin Havlat Mike Lundin Dennis Wideman
Last Minutes Defensive
Center Left Wing Right Wing Defense Defense
Pavel Datsyuk Max Pacioretty Martin Havlat Mike Lundin Dennis Wideman
Goaltenders
Starting : Rick DiPietro
Backup : Marek Schwarz
Extra Forwards
Normal : Patrick O'Sullivan, Peter Mueller, Rostislav Olesz - PP : Patrick O'Sullivan, Peter Mueller - PK : Rostislav Olesz
Extra Defensemen
Normal : Ryan Wilson, Timothy Kunes, Branislav Mezei - PP : Ryan Wilson - PK : Timothy Kunes, Branislav Mezei
Penalty Shots
Pavel Datsyuk, Martin Havlat, Max Pacioretty, Mike Comrie, Marcus Nilson
Scratches
Andrew Gordon (Healthy), Cam Fowler (Left Leg Injury)
Predators
5 vs 5 Forward
Center Left Wing Right Wing Time % Phy DF OF
1 Ryan Kesler Alexander Ovechkin Niclas Bergfors 40 1 2 2
2 Mikael Granlund James Van Riemsdyk Byron Bitz 30 1 2 2
3 Andy Miele Alexander Steen Brendan Gallagher 20 1 2 2
4 Anton Gustafsson Justin Abdelkader Adam Burish 10 2 2 1
5 vs 5 Defense
Defense Defense Time % Phy DF OF
1 Ryan Mcdonagh Alexander Edler 40 1 2 2
2 John Moore Dmitri Kalinin 30 1 2 2
3 Michal Rozsival Ryan Murray 20 1 2 2
4 Ryan Mcdonagh Alexander Edler 10 1 2 2
PowerPlay Forward
Center Left Wing Right Wing Time % Phy DF OF
1 Ryan Kesler Alexander Ovechkin Niclas Bergfors 60 1 1 3
2 Mikael Granlund Alexander Steen Brendan Gallagher 40 1 1 3
PowerPlay Defense
Defense Defense Time % Phy DF OF
1 Ryan Mcdonagh Alexander Edler 60 1 1 3
2 Ryan Murray John Moore 40 1 1 3
Penalty Kill 4 Players Forward
Center Wing Time % Phy DF OF
1 Andy Miele Byron Bitz 60 1 2 2
2 Ryan Kesler Adam Burish 40 1 2 2
Penalty Kill 4 Players Defense
Defense Defense Time % Phy DF OF
1 Ryan Mcdonagh Alexander Edler 60 1 2 2
2 John Moore Michal Rozsival 40 1 2 2
Penalty Kill - 3 Players Forward
Forward Time % Phy DF OF
1 Byron Bitz 60 1 2 2
2 Adam Burish 40 1 2 2
Penalty Kill - 3 Players Defense
Defense Defense Time % Phy DF OF
1 Ryan Mcdonagh Alexander Edler 60 1 2 2
2 John Moore Michal Rozsival 40 1 2 2
4 vs 4 Forward
Center Wing Time % Phy DF OF
1 Andy Miele Alexander Ovechkin 60 1 2 2
2 Ryan Kesler Niclas Bergfors 40 1 2 2
4 vs 4 Defense
Defense Defense Time % Phy DF OF
1 Ryan Mcdonagh Alexander Edler 60 1 2 2
2 John Moore Michal Rozsival 40 1 2 2
Last Minutes Offensive
Center Left Wing Right Wing Defense Defense
Mikael Granlund Alexander Ovechkin Niclas Bergfors Ryan Mcdonagh Alexander Edler
Last Minutes Defensive
Center Left Wing Right Wing Defense Defense
Ryan Kesler Alexander Ovechkin Byron Bitz Ryan Mcdonagh Alexander Edler
Goaltenders
Starting : Chad Johnson
Backup : Viktor Fasth
Extra Forwards
Normal : Brendan Gallagher, James Van Riemsdyk, Byron Bitz - PP : Brendan Gallagher, James Van Riemsdyk - PK : Alexander Ovechkin
Extra Defensemen
Normal : Michal Rozsival, Ryan Murray, John Moore - PP : Dmitri Kalinin - PK : John Moore, Dmitri Kalinin
Penalty Shots
Alexander Ovechkin, Niclas Bergfors, Ryan Kesler, Andy Miele, Justin Abdelkader
Scratches
Barret Jackman (Healthy)
% Time on Ice - Blue Jackets
Lines # - Real PCT - Wanted PCT - Time Play
Normal Forward
1 - 33% - 40% - 13:43
2 - 31% - 30% - 12:53
3 - 22% - 20% - 9:22
4 - 14% - 10% - 5:53
Normal Defense
1 - 40% - 40% - 16:53
2 - 33% - 30% - 13:55
3 - 26% - 20% - 10:52
4 - 0% - 10% - 0:11
PP Forward
1 - 50% - 60% - 4:05
2 - 50% - 40% - 4:09
PP Defense
1 - 58% - 60% - 4:47
2 - 42% - 40% - 3:27
PK Forward
1 - 69% - 60% - 6:49
2 - 31% - 40% - 3:06
PK Defense
1 - 55% - 60% - 5:29
2 - 45% - 40% - 4:26
PK3 Forward
1 - 0% - 60%
2 - 0% - 40%
PK3 Defense
1 - 0% - 60%
2 - 0% - 40%
44 Forward
1 - 0% - 60%
2 - 0% - 40%
44 Defense
1 - 0% - 60%
2 - 0% - 40%
Last Minute Offensive - 0:00
Last Minute Defensive - 0:00
Total
Forward - 60:00
Defense - 60:00
|
% Time on Ice - Predators
Lines # - Real PCT - Wanted PCT - Time Play
Normal Forward
1 - 34% - 40% - 14:19
2 - 27% - 30% - 11:14
3 - 19% - 20% - 8:01
4 - 20% - 10% - 8:17
Normal Defense
1 - 45% - 40% - 18:40
2 - 33% - 30% - 13:47
3 - 21% - 20% - 8:58
4 - 1% - 10% - 0:26
PP Forward
1 - 51% - 60% - 5:05
2 - 49% - 40% - 4:50
PP Defense
1 - 53% - 60% - 5:18
2 - 47% - 40% - 4:37
PK Forward
1 - 70% - 60% - 5:45
2 - 30% - 40% - 2:29
PK Defense
1 - 57% - 60% - 4:40
2 - 43% - 40% - 3:34
PK3 Forward
1 - 0% - 60%
2 - 0% - 40%
PK3 Defense
1 - 0% - 60%
2 - 0% - 40%
44 Forward
1 - 0% - 60%
2 - 0% - 40%
44 Defense
1 - 0% - 60%
2 - 0% - 40%
Last Minute Offensive - 0:00
Last Minute Defensive - 0:00
Total
Forward - 60:00
Defense - 60:00
|
Play-by-Play
1st period
0:01 of 1st period - Ryan Kesler wins face-off versus Max Pacioretty in neutral zone.
0:10 of 1st period - Snap shot by Dennis Wideman.
0:10 of 1st period - Shot Misses the Net.
0:12 of 1st period - Snap shot by Martin Havlat.
0:12 of 1st period - Deflect By Alexander Edler.
0:12 of 1st period - Stopped by Chad Johnson with a rebound.
1:17 of 1st period - Wrist shot by Adam Burish.
1:17 of 1st period - Shot Misses the Net.
1:27 of 1st period - Niclas Bergfors is hit by Andreas Nodl and loses puck.
1:35 of 1st period - Off-side.
1:36 of 1st period - Pavel Datsyuk wins face-off versus Mikael Granlund in neutral zone.
2:39 of 1st period - Icing by Dennis Wideman.
2:40 of 1st period - Anton Gustafsson wins face-off versus Kevin Porter in Blue Jackets zone.
2:51 of 1st period - Wrist shot by Adam Burish.
2:51 of 1st period - Stopped by Rick DiPietro with a rebound.
2:53 of 1st period - Wrist shot by Justin Abdelkader.
2:53 of 1st period - Stopped by Rick DiPietro with a rebound.
3:10 of 1st period - Slapshot by Alexander Ovechkin.
3:10 of 1st period - Stopped by Rick DiPietro without a rebound.
3:11 of 1st period - Mike Comrie wins face-off versus Mikael Granlund in Blue Jackets zone.
3:28 of 1st period - Snap shot by Andreas Nodl.
3:28 of 1st period - Goal by Andreas Nodl - Blue Jackets : 1 - Predators : 0.
3:29 of 1st period - Niclas Bergfors wins face-off versus Pavel Datsyuk in neutral zone.
3:39 of 1st period - Minor Penalty to Martin Havlat for Holding.
3:40 of 1st period - Niclas Bergfors wins face-off versus Pavel Datsyuk in Blue Jackets zone.
3:40 of 1st period - Snap shot by Alexander Ovechkin.
3:40 of 1st period - Shot Blocked by Mike Lundin.
4:06 of 1st period - Mike Lundin is hit by Brendan Gallagher and loses puck.
4:13 of 1st period - Snap shot by Mikael Granlund.
4:13 of 1st period - Shot Blocked by Mike Lundin.
4:27 of 1st period - Wrist shot by Dennis Wideman.
4:27 of 1st period - Shot Misses the Net.
4:57 of 1st period - Branislav Mezei is hit by Ryan Mcdonagh and loses puck.
5:39 of 1st period - Penalty to Martin Havlat is over, Martin Havlat is back on ice.
5:51 of 1st period - Wrist shot by Justin Abdelkader.
5:51 of 1st period - Shot Misses the Net.
6:13 of 1st period - Timothy Kunes is hit by Michal Rozsival and loses puck.
6:24 of 1st period - Byron Bitz is hit by Martin Havlat and loses puck.
7:06 of 1st period - Icing by Mike York.
7:07 of 1st period - Kevin Porter wins face-off versus Andy Miele in Blue Jackets zone.
7:40 of 1st period - Minor Penalty to Ryan Mcdonagh for Tripping.
7:41 of 1st period - Andy Miele wins face-off versus Pavel Datsyuk in Predators zone.
7:41 of 1st period - Andy Miele is hit by Dennis Wideman.
8:12 of 1st period - Alexander Edler is hit by Dennis Wideman and loses puck.
8:20 of 1st period - Icing by Mike Comrie.
8:21 of 1st period - Ryan Kesler wins face-off versus Mike Comrie in Blue Jackets zone.
8:58 of 1st period - Wrist shot by Pavel Datsyuk.
8:58 of 1st period - Shot Misses the Net.
9:40 of 1st period - Penalty to Ryan Mcdonagh is over, Ryan Mcdonagh is back on ice.
9:59 of 1st period - Adam Burish is hit by A.J Thelen and loses puck.
10:52 of 1st period - Dennis Wideman is hit by Alexander Steen and loses puck.
10:57 of 1st period - Snap shot by Andy Miele.
10:57 of 1st period - Shot Misses the Net.
10:59 of 1st period - Wrist shot by Brendan Gallagher.
10:59 of 1st period - Shot Misses the Net.
11:13 of 1st period - Ryan Murray is hit by Peter Mueller and loses puck.
11:33 of 1st period - Ryan Murray is hit by Kevin Porter.
11:45 of 1st period - Snap shot by Ryan Kesler.
11:45 of 1st period - Stopped by Rick DiPietro with a rebound.
11:47 of 1st period - Snap shot by Ryan Kesler.
11:47 of 1st period - Stopped by Rick DiPietro without a rebound.
11:48 of 1st period - Niclas Bergfors wins face-off versus Peter Mueller in Blue Jackets zone.
12:09 of 1st period - Wrist shot by Justin Abdelkader.
12:09 of 1st period - Deflect By Adam Burish.
12:09 of 1st period - Shot Misses the Net.
12:09 of 1st period - Puck is out of play.
12:10 of 1st period - Mike Comrie wins face-off versus Anton Gustafsson in Blue Jackets zone.
12:21 of 1st period - Snap shot by Andreas Nodl.
12:21 of 1st period - Stopped by Chad Johnson with a rebound.
12:23 of 1st period - Snap shot by Andreas Nodl.
12:23 of 1st period - Deflect By Mike Comrie.
12:23 of 1st period - Shot Misses the Net.
12:23 of 1st period - Puck is out of play.
12:24 of 1st period - Pavel Datsyuk wins face-off versus Niclas Bergfors in Predators zone.
12:43 of 1st period - Icing by Martin Havlat.
12:44 of 1st period - Mikael Granlund wins face-off versus Max Pacioretty in Blue Jackets zone.
12:49 of 1st period - Wrist shot by Mikael Granlund.
12:49 of 1st period - Deflect By James Van Riemsdyk.
12:49 of 1st period - Shot Blocked by Dennis Wideman.
12:49 of 1st period - Puck is out of play.
12:50 of 1st period - Mikael Granlund wins face-off versus Max Pacioretty in Blue Jackets zone.
12:51 of 1st period - Snap shot by Byron Bitz.
12:51 of 1st period - Stopped by Rick DiPietro with a rebound.
12:58 of 1st period - Icing by Pavel Datsyuk.
12:59 of 1st period - Pavel Datsyuk wins face-off versus Ryan Kesler in Blue Jackets zone.
13:20 of 1st period - Wrist shot by Pavel Datsyuk.
13:20 of 1st period - Stopped by Chad Johnson without a rebound.
13:21 of 1st period - Mike Comrie wins face-off versus Mikael Granlund in Predators zone.
13:23 of 1st period - Minor Penalty to Byron Bitz for Holding.
13:24 of 1st period - Andy Miele wins face-off versus Pavel Datsyuk in Predators zone.
13:24 of 1st period - Andy Miele is hit by Pavel Datsyuk.
15:23 of 1st period - Penalty to Byron Bitz is over, Byron Bitz is back on ice.
15:27 of 1st period - Slapshot by Alexander Edler.
15:27 of 1st period - Shot Misses the Net.
15:29 of 1st period - Slapshot by Dmitri Kalinin.
15:29 of 1st period - Deflect By Anton Gustafsson.
15:29 of 1st period - Shot Misses the Net.
15:29 of 1st period - Puck is out of play.
15:30 of 1st period - Anton Gustafsson wins face-off versus Patrick O'Sullivan in Blue Jackets zone.
15:43 of 1st period - Dmitri Kalinin is hit by Tyler Kennedy and loses puck.
16:16 of 1st period - Slapshot by Ryan Mcdonagh.
16:16 of 1st period - Deflect By James Van Riemsdyk.
16:16 of 1st period - Shot Misses the Net.
16:16 of 1st period - Puck is out of play.
16:17 of 1st period - Mike Comrie wins face-off versus Mikael Granlund in Blue Jackets zone.
16:22 of 1st period - Byron Bitz is hit by Mike Comrie.
16:43 of 1st period - Icing by Alexander Edler.
16:44 of 1st period - Max Pacioretty wins face-off versus Ryan Kesler in Predators zone.
17:02 of 1st period - Martin Havlat is hit by Alexander Ovechkin and loses puck.
17:11 of 1st period - Snap shot by Ryan Kesler.
17:11 of 1st period - Stopped by Rick DiPietro without a rebound.
17:12 of 1st period - Mike Comrie wins face-off versus Mikael Granlund in Blue Jackets zone.
17:27 of 1st period - Snap shot by Marcus Nilson.
17:27 of 1st period - Deflect By Andreas Nodl.
17:27 of 1st period - Shot Misses the Net.
17:27 of 1st period - Puck is out of play.
17:28 of 1st period - Ryan Kesler wins face-off versus Pavel Datsyuk in Predators zone.
17:33 of 1st period - Slapshot by Ryan Mcdonagh.
17:33 of 1st period - Shot Blocked by Max Pacioretty.
17:55 of 1st period - Dennis Wideman is hit by Ryan Mcdonagh and loses puck.
18:14 of 1st period - Snap shot by Pavel Datsyuk.
18:14 of 1st period - Stopped by Chad Johnson without a rebound.
18:15 of 1st period - Ryan Kesler wins face-off versus Mike Comrie in Predators zone.
18:44 of 1st period - Michal Rozsival is hit by Branislav Mezei and loses puck.
18:53 of 1st period - Snap shot by Byron Bitz.
18:53 of 1st period - Stopped by Rick DiPietro with a rebound.
19:21 of 1st period - Dennis Wideman is hit by Justin Abdelkader and loses puck.
19:28 of 1st period - Slapshot by Alexander Edler.
19:28 of 1st period - Stopped by Rick DiPietro with a rebound.
19:34 of 1st period - Slapshot by Ryan Mcdonagh.
19:34 of 1st period - Shot Blocked by Mike Lundin.
19:45 of 1st period - Off-side.
19:46 of 1st period - Martin Havlat wins face-off versus Ryan Kesler in neutral zone.
Goals for this period are 1 for Blue Jackets vs 0 for Predators.
Shots for this period are 5 for Blue Jackets vs 9 for Predators.
2nd period
0:01 of 2nd period - Ryan Kesler wins face-off versus Pavel Datsyuk in neutral zone.
0:12 of 2nd period - Snap shot by Alexander Ovechkin.
0:12 of 2nd period - Shot Misses the Net.
0:14 of 2nd period - Snap shot by Niclas Bergfors.
0:14 of 2nd period - Stopped by Rick DiPietro without a rebound.
0:15 of 2nd period - Mikael Granlund wins face-off versus Mike Comrie in Blue Jackets zone.
0:16 of 2nd period - Snap shot by James Van Riemsdyk.
0:16 of 2nd period - Shot Misses the Net.
0:25 of 2nd period - Icing by A.J Thelen.
0:26 of 2nd period - Ryan Kesler wins face-off versus Mike Comrie in Blue Jackets zone.
0:35 of 2nd period - Snap shot by Alexander Ovechkin.
0:35 of 2nd period - Shot Misses the Net.
0:37 of 2nd period - Snap shot by Niclas Bergfors.
0:37 of 2nd period - Stopped by Rick DiPietro with a rebound.
0:49 of 2nd period - Minor Penalty to A.J Thelen for Hooking.
0:50 of 2nd period - Ryan Kesler wins face-off versus Pavel Datsyuk in Blue Jackets zone.
0:51 of 2nd period - Wrist shot by Niclas Bergfors.
0:51 of 2nd period - Shot Misses the Net.
0:53 of 2nd period - Slapshot by Alexander Edler.
0:53 of 2nd period - Deflect By Pavel Datsyuk.
0:53 of 2nd period - Stopped by Rick DiPietro with a rebound.
2:37 of 2nd period - John Moore is hit by Mike Lundin and loses puck.
2:49 of 2nd period - Penalty to A.J Thelen is over, A.J Thelen is back on ice.
2:54 of 2nd period - Marcus Nilson is hit by Mikael Granlund and loses puck.
3:01 of 2nd period - Slapshot by Dennis Wideman.
3:01 of 2nd period - Shot Misses the Net.
3:03 of 2nd period - Snap shot by Dennis Wideman.
3:03 of 2nd period - Stopped by Chad Johnson with a rebound.
3:05 of 2nd period - Snap shot by A.J Thelen.
3:05 of 2nd period - Shot Misses the Net.
3:42 of 2nd period - Wrist shot by Mike Comrie.
3:42 of 2nd period - Shot Misses the Net.
4:16 of 2nd period - Niclas Bergfors is hit by Pavel Datsyuk.
4:56 of 2nd period - Mikael Granlund is hit by Rostislav Olesz and loses puck.
5:09 of 2nd period - Ryan Kesler is hit by Mike Comrie and loses puck.
5:36 of 2nd period - Andy Miele is hit by Martin Havlat and loses puck.
6:19 of 2nd period - Minor Penalty to Mike York for Hooking.
6:20 of 2nd period - Niclas Bergfors wins face-off versus Martin Havlat in Blue Jackets zone.
7:36 of 2nd period - Alexander Steen is hit by Rostislav Olesz and loses puck.
8:10 of 2nd period - John Moore is hit by Mike Comrie and loses puck.
8:19 of 2nd period - Penalty to Mike York is over, Mike York is back on ice.
8:29 of 2nd period - Snap shot by Rostislav Olesz.
8:29 of 2nd period - Deflect By Peter Mueller.
8:29 of 2nd period - Goal by Peter Mueller - Blue Jackets : 2 - Predators : 0.
8:30 of 2nd period - Pavel Datsyuk wins face-off versus Mikael Granlund in neutral zone.
8:38 of 2nd period - Slapshot by Ryan Mcdonagh.
8:38 of 2nd period - Shot Blocked by Dennis Wideman.
8:40 of 2nd period - Slapshot by Byron Bitz.
8:40 of 2nd period - Stopped by Rick DiPietro without a rebound.
8:41 of 2nd period - Ryan Kesler wins face-off versus Pavel Datsyuk in Blue Jackets zone.
9:08 of 2nd period - Mike Comrie is hit by Alexander Edler and loses puck.
9:31 of 2nd period - Snap shot by Alexander Edler.
9:31 of 2nd period - Shot Blocked by Tyler Kennedy.
9:53 of 2nd period - Slapshot by Ryan Mcdonagh.
9:53 of 2nd period - Shot Misses the Net.
9:55 of 2nd period - Minor Penalty to Mike York for Hooking.
9:56 of 2nd period - Ryan Kesler wins face-off versus Pavel Datsyuk in Blue Jackets zone.
10:57 of 2nd period - Snap shot by Max Pacioretty.
10:57 of 2nd period - Shot Misses the Net.
11:47 of 2nd period - Icing by Alexander Steen.
11:48 of 2nd period - Max Pacioretty wins face-off versus Mikael Granlund in Predators zone.
11:49 of 2nd period - Snap shot by Mike Comrie.
11:49 of 2nd period - Goal by Mike Comrie - Blue Jackets : 3 - Predators : 0.
11:50 of 2nd period - Ryan Kesler wins face-off versus Pavel Datsyuk in neutral zone.
11:55 of 2nd period - Penalty to Mike York is over, Mike York is back on ice.
12:21 of 2nd period - Snap shot by Andreas Nodl.
12:21 of 2nd period - Deflect By Marcus Nilson.
12:21 of 2nd period - Shot Blocked by Ryan Mcdonagh.
12:21 of 2nd period - Puck is out of play.
12:22 of 2nd period - Mikael Granlund wins face-off versus Mike Comrie in Predators zone.
12:22 of 2nd period - Mikael Granlund is hit by Branislav Mezei.
13:00 of 2nd period - Snap shot by Alexander Ovechkin.
13:00 of 2nd period - Shot Blocked by Dennis Wideman.
13:10 of 2nd period - Alexander Steen is hit by Peter Mueller and loses puck.
13:23 of 2nd period - Slapshot by Rostislav Olesz.
13:23 of 2nd period - Stopped by Chad Johnson with a rebound.
13:47 of 2nd period - Slapshot by Branislav Mezei.
13:47 of 2nd period - Shot Misses the Net.
14:03 of 2nd period - Snap shot by Ryan Kesler.
14:03 of 2nd period - Stopped by Rick DiPietro without a rebound.
14:04 of 2nd period - Ryan Kesler wins face-off versus Pavel Datsyuk in Blue Jackets zone.
14:31 of 2nd period - James Van Riemsdyk is hit by Dennis Wideman.
14:35 of 2nd period - Mikael Granlund is hit by Timothy Kunes and loses puck.
14:43 of 2nd period - Alexander Edler is hit by Ryan Wilson and loses puck.
14:59 of 2nd period - Minor Penalty to Kevin Porter for Holding.
15:00 of 2nd period - Pavel Datsyuk wins face-off versus Alexander Ovechkin in Blue Jackets zone.
15:26 of 2nd period - Dennis Wideman is hit by Ryan Mcdonagh.
16:50 of 2nd period - Icing by Alexander Edler.
16:51 of 2nd period - Max Pacioretty wins face-off versus Mikael Granlund in Predators zone.
16:59 of 2nd period - Penalty to Kevin Porter is over, Kevin Porter is back on ice.
17:08 of 2nd period - Snap shot by Mike Comrie.
17:08 of 2nd period - Stopped by Chad Johnson without a rebound.
17:09 of 2nd period - Pavel Datsyuk wins face-off versus Anton Gustafsson in Predators zone.
17:35 of 2nd period - Branislav Mezei is hit by Dmitri Kalinin and loses puck.
17:44 of 2nd period - Wrist shot by Alexander Ovechkin.
17:44 of 2nd period - Shot Misses the Net.
18:04 of 2nd period - Ryan Murray is hit by Rostislav Olesz and loses puck.
18:27 of 2nd period - Snap shot by Max Pacioretty.
18:27 of 2nd period - Shot Misses the Net.
18:39 of 2nd period - Snap shot by Kevin Porter.
18:39 of 2nd period - Shot Misses the Net.
18:58 of 2nd period - Snap shot by Justin Abdelkader.
18:58 of 2nd period - Stopped by Rick DiPietro without a rebound.
18:59 of 2nd period - Ryan Kesler wins face-off versus Peter Mueller in Blue Jackets zone.
19:13 of 2nd period - Snap shot by Peter Mueller.
19:13 of 2nd period - Deflect By Tyler Kennedy.
19:13 of 2nd period - Shot Misses the Net.
19:13 of 2nd period - Puck is out of play.
19:14 of 2nd period - Pavel Datsyuk wins face-off versus Mikael Granlund in Predators zone.
19:20 of 2nd period - Off-side.
19:21 of 2nd period - Pavel Datsyuk wins face-off versus Byron Bitz in neutral zone.
19:56 of 2nd period - Wrist shot by Brendan Gallagher.
19:56 of 2nd period - Goal by Brendan Gallagher - Blue Jackets : 3 - Predators : 1.
19:57 of 2nd period - Mike Comrie wins face-off versus Ryan Kesler in neutral zone.
Goals for this period are 2 for Blue Jackets vs 1 for Predators.
Shots for this period are 5 for Blue Jackets vs 7 for Predators.
3rd period
0:01 of 3rd period - Ryan Kesler wins face-off versus Pavel Datsyuk in neutral zone.
0:14 of 3rd period - Snap shot by Martin Havlat.
0:14 of 3rd period - Shot Misses the Net.
0:16 of 3rd period - Slapshot by Pavel Datsyuk.
0:16 of 3rd period - Stopped by Chad Johnson without a rebound.
0:17 of 3rd period - Mikael Granlund wins face-off versus Mike Comrie in Predators zone.
0:30 of 3rd period - Snap shot by James Van Riemsdyk.
0:30 of 3rd period - Shot Misses the Net.
1:29 of 3rd period - Snap shot by Mike Comrie.
1:29 of 3rd period - Shot Misses the Net.
2:55 of 3rd period - Minor Penalty to Adam Burish for Tripping.
2:56 of 3rd period - Mike Comrie wins face-off versus Andy Miele in Predators zone.
3:26 of 3rd period - Ryan Mcdonagh is hit by Max Pacioretty and loses puck.
4:44 of 3rd period - John Moore is hit by Dennis Wideman and loses puck.
4:55 of 3rd period - Penalty to Adam Burish is over, Adam Burish is back on ice.
5:17 of 3rd period - Minor Penalty to Adam Burish for Holding.
5:18 of 3rd period - Mike Comrie wins face-off versus Andy Miele in Predators zone.
5:21 of 3rd period - Wrist shot by Marcus Nilson.
5:21 of 3rd period - Shot Misses the Net.
5:43 of 3rd period - Alexander Edler is hit by Marcus Nilson.
5:56 of 3rd period - Snap shot by Branislav Mezei.
5:56 of 3rd period - Shot Misses the Net.
5:58 of 3rd period - Slapshot by A.J Thelen.
5:58 of 3rd period - Deflect By Andreas Nodl.
5:58 of 3rd period - Shot Blocked by Alexander Edler.
5:58 of 3rd period - Puck is out of play.
5:59 of 3rd period - Ryan Kesler wins face-off versus Pavel Datsyuk in Predators zone.
6:11 of 3rd period - Max Pacioretty is hit by Alexander Edler.
7:17 of 3rd period - Penalty to Adam Burish is over, Adam Burish is back on ice.
7:21 of 3rd period - Snap shot by Tyler Kennedy.
7:21 of 3rd period - Stopped by Chad Johnson with a rebound.
7:23 of 3rd period - Snap shot by Peter Mueller.
7:23 of 3rd period - Shot Misses the Net.
7:33 of 3rd period - Snap shot by Rostislav Olesz.
7:33 of 3rd period - Shot Misses the Net.
7:43 of 3rd period - Kevin Porter is hit by Michal Rozsival and loses puck.
7:50 of 3rd period - Snap shot by James Van Riemsdyk.
7:50 of 3rd period - Shot Misses the Net.
8:45 of 3rd period - Icing by Ryan Mcdonagh.
8:46 of 3rd period - Ryan Kesler wins face-off versus Andreas Nodl in Predators zone.
8:53 of 3rd period - Ryan Murray is hit by Mike Comrie and loses puck.
9:10 of 3rd period - Tyler Kennedy is hit by Byron Bitz and loses puck.
9:22 of 3rd period - Icing by Byron Bitz.
9:23 of 3rd period - Anton Gustafsson wins face-off versus Pavel Datsyuk in Predators zone.
9:48 of 3rd period - Ryan Kesler is hit by Mike Comrie and loses puck.
9:57 of 3rd period - Wrist shot by Alexander Edler.
9:57 of 3rd period - Stopped by Rick DiPietro with a rebound.
10:34 of 3rd period - Brendan Gallagher is hit by Pavel Datsyuk and loses puck.
11:01 of 3rd period - Icing by Adam Burish.
11:02 of 3rd period - Mike Comrie wins face-off versus Anton Gustafsson in Predators zone.
11:03 of 3rd period - Snap shot by Andreas Nodl.
11:03 of 3rd period - Stopped by Chad Johnson without a rebound.
11:04 of 3rd period - Mike Comrie wins face-off versus Ryan Kesler in Predators zone.
11:05 of 3rd period - Snap shot by Andreas Nodl.
11:05 of 3rd period - Shot Misses the Net.
11:25 of 3rd period - Minor Penalty to Niclas Bergfors for Tripping.
11:26 of 3rd period - Andy Miele wins face-off versus Pavel Datsyuk in Predators zone.
11:37 of 3rd period - Slapshot by Martin Havlat.
11:37 of 3rd period - Stopped by Chad Johnson with a rebound.
11:43 of 3rd period - Wrist shot by Martin Havlat.
11:43 of 3rd period - Goal by Martin Havlat - Blue Jackets : 4 - Predators : 1.
11:44 of 3rd period - Ryan Kesler wins face-off versus Pavel Datsyuk in neutral zone.
12:19 of 3rd period - Slapshot by Andreas Nodl.
12:19 of 3rd period - Stopped by Chad Johnson with a rebound.
12:36 of 3rd period - Ryan Murray is hit by Peter Mueller and loses puck.
12:54 of 3rd period - Icing by Alexander Steen.
12:55 of 3rd period - Pavel Datsyuk wins face-off versus Andy Miele in Predators zone.
12:56 of 3rd period - Snap shot by Max Pacioretty.
12:56 of 3rd period - Shot Blocked by Michal Rozsival.
12:58 of 3rd period - Snap shot by Martin Havlat.
12:58 of 3rd period - Shot Misses the Net.
13:36 of 3rd period - Wrist shot by Alexander Steen.
13:36 of 3rd period - Shot Misses the Net.
14:11 of 3rd period - Michal Rozsival is hit by Branislav Mezei.
14:48 of 3rd period - Slapshot by Alexander Edler.
14:48 of 3rd period - Stopped by Rick DiPietro with a rebound.
15:02 of 3rd period - Snap shot by Mikael Granlund.
15:02 of 3rd period - Shot Blocked by Timothy Kunes.
15:10 of 3rd period - Snap shot by Byron Bitz.
15:10 of 3rd period - Stopped by Rick DiPietro without a rebound.
15:11 of 3rd period - Ryan Kesler wins face-off versus Mike Comrie in Blue Jackets zone.
15:16 of 3rd period - Slapshot by Alexander Ovechkin.
15:16 of 3rd period - Deflect By Ryan Kesler.
15:16 of 3rd period - Shot Misses the Net.
15:16 of 3rd period - Puck is out of play.
15:17 of 3rd period - Ryan Kesler wins face-off versus Mike Comrie in Blue Jackets zone.
15:24 of 3rd period - Wrist shot by Niclas Bergfors.
15:24 of 3rd period - Deflect By Alexander Ovechkin.
15:24 of 3rd period - Shot Blocked by Dennis Wideman.
15:24 of 3rd period - Puck is out of play.
15:25 of 3rd period - Ryan Kesler wins face-off versus Pavel Datsyuk in Blue Jackets zone.
15:26 of 3rd period - Snap shot by Alexander Ovechkin.
15:26 of 3rd period - Shot Misses the Net.
15:28 of 3rd period - Slapshot by Ryan Mcdonagh.
15:28 of 3rd period - Stopped by Rick DiPietro with a rebound.
16:05 of 3rd period - Mike Lundin is hit by Byron Bitz and loses puck.
17:09 of 3rd period - Slapshot by Niclas Bergfors.
17:09 of 3rd period - Shot Misses the Net.
17:39 of 3rd period - Wrist shot by Brendan Gallagher.
17:39 of 3rd period - Shot Misses the Net.
17:59 of 3rd period - Pavel Datsyuk is hit by Alexander Ovechkin and loses puck.
18:06 of 3rd period - Wrist shot by Niclas Bergfors.
18:06 of 3rd period - Stopped by Rick DiPietro without a rebound.
18:07 of 3rd period - Mikael Granlund wins face-off versus Mike Comrie in Blue Jackets zone.
18:51 of 3rd period - Martin Havlat is hit by John Moore and loses puck.
19:06 of 3rd period - Icing by Ryan Mcdonagh.
19:07 of 3rd period - Mike Comrie wins face-off versus Anton Gustafsson in Predators zone.
19:56 of 3rd period - Michal Rozsival is hit by Ryan Wilson and loses puck.
Goals for this period are 1 for Blue Jackets vs 0 for Predators.
Shots for this period are 6 for Blue Jackets vs 5 for Predators.
Back to the Top